[Event "Late-Titled-Tuesday-Blitz-May-14-2024"]
[Site "Chess.com"]
[Date "2024.05.14"]
[Round "3"]
[White "Revan_2002"]
[Black "gmcorrales"]
[Result "1-0"]
[WhiteElo "2766"]
[BlackElo "2922"]
[TimeControl "180+1"]
[EndTime "14:30:29 PDT"]
[Termination "Revan_2002 won on time"]

1. Nf3 c6 2. g3 d5 3. Bg2 Bg4 4. O-O Nd7 5. d3 Ngf6 6. h3 Bh5 7. Qe1 e6 8. e4 dxe4 9. dxe4 Qb6 10. a4 a5 11. Na3 Qb4 12. Nd2 Qxa4 13. c3 Bxa3 14. b3 Qb5 15. Bxa3 c5 16. e5 Ng8 17. Ne4 Kf8 18.
c4 Qb6 19. Qe3 Ne7 20. Nxc5 Nxc5 21. Bxc5 Qc7 22. Bd6 Qd7 23. Qb6 g5 24. c5 Kg7 25.
Qxb7 Qxb7 26. Bxb7 Ra7 27. c6 Nd5 28. Bc5 Rxb7 29.
cxb7 Rb8 30. Rxa5 Rxb7 31. b4 Bf3 32. b5 Rc7 33. b6 Rc8 34. Bd6 Nc3 35. Rc5 Ne2+ 36.
Kh2 Ra8 37. Rb1 Ra2 38. Rc7 Nd4 39. Kg1 Ne2+ 40. Kf1 Nc3 41. b7 Be2+ 42. Kg2 Nxb1 43. b8=Q Nd2 44. Qd8 Bf3+ 45. Kh2 Ne4 46. Bf8+ Kg6 47. g4 Rxf2+ 48. Kg1 Rg2+ 49. Kf1 Ng3+ 50. Ke1 Re2+ 51. Kd1 Rxe5+ 52. Kc1 Ne2+ 53. Kb1 Be4+ 54. Kb2 Rb5+ 55. Ka3 1-0

[Event "Late-Titled-Tuesday-Blitz-May-14-2024"]
[Site "Chess.com"]
[Date "2024.05.14"]
[Round "3"]
[White "KNVB"]
[Black "HowTo2Draw"]
[Result "1/2-1/2"]
[WhiteElo "2825"]
[BlackElo "2569"]
[TimeControl "180+1"]
[EndTime "14:30:29 PDT"]
[Termination "Game drawn - insufficient material"]

1. d4 f5 2. h4 Nf6 3. c4 c6 4.
Nc3 d5 5. cxd5 cxd5 6. Bf4 e6 7. e3 Nc6 8. Bd3 Bb4 9. Rc1 O-O 10. a3 Be7 11.
Nf3 Ne4 12. g3 Bd7 13. Kf1 Be8 14. h5 Na5 15. Ne5 Nc6 16. Kg2 Nxe5 17. Bxe5 Rc8 18. Qb3 Bc6 19. Ne2 Bg5 20. Nf4 Bxf4 21. Bxf4 Qb6 22.
Qxb6 axb6 23. f3 Nd2 24. Kf2 b5 25. Rc3 Nc4 26. b3 Nxa3 27. Bd6 b4 28. Bxb4 Nb5 29. Bxb5 Bxb5 30. Rhc1 Rxc3 31. Rxc3 Ra8 32. Rc7 Bc6 33. g4 fxg4 34. fxg4 h6 35. Bd6 Rd8 36. Be5 Rf8+ 37. Kg3 Rf7 38. Rc8+ Rf8 39. Rc7 Rf7 40. Bd6 Rxc7 41.
Bxc7 g6 42. hxg6 Kg7 43. Kf4 Kxg6 44. b4 Ba4 45. Ke5 Kf7 46. Bd8 Bd1 47. Kd6 b5 48. Kc5 Be2 49. Bh4 Kg6 50. Kc6 Kf7 51. Bg3 Kf6 52. Bf4 Kg6 53. Kc5 Bd3 54. Kd6 Be2 55.
Kxe6 Bxg4+ 56. Kxd5 h5 57. e4 h4 58. e5 Kf5 59.
Bh2 Be2 60. Kd6 Bc4 61. d5 Ke4 62. e6 Bxd5 63. e7 Bf7 64. Kd7 Kd5 65. e8=Q Bxe8+ 66. Kxe8 Kc4 67. Bd6 h3 68. Kd7 h2 69. Bxh2 Kxb4 70.
Kc6 Ka4 71. Bd6 b4 72. Bxb4 1/2-1/2

[Event "Late-Titled-Tuesday-Blitz-May-14-2024"]
[Site "Chess.com"]
[Date "2024.05.14"]
[Round "3"]
[White "alexrustemov"]
[Black "NovakCabarkapa"]
[Result "0-1"]
[WhiteElo "2916"]
[BlackElo "2762"]
[TimeControl "180+1"]
[EndTime "14:30:30 PDT"]
[Termination "NovakCabarkapa won on time"]

1. d4 Nf6 2. c4 g6 3. Nf3 Bg7 4. g3 O-O 5. Bg2 d6 6. Nc3 Nbd7 7. O-O e5 8. e4 Re8 9. h3 b6 10. Qc2 exd4 11. Nxd4 Bb7 12. Be3 Nc5 13. f3 d5 14.
cxd5 Nxd5 15. Nxd5 Bxd5 16. Rfd1 Qe7 17. b4 Na6 18. b5 Nc5 19. Bf2 Bb7 20. Rac1 Rad8 21. Nb3 Rxd1+ 22. Rxd1 Nxb3 23. Qxb3 Rd8 24. a4 h5 25. h4 c5 26. bxc6 Bxc6 27. Bf1 Rxd1 28. Qxd1 Qa3 29. Bb5 Bxb5 30. axb5 Bf8 31. Kg2 Qb2 32.
Qd8 Qxb5 33. Qb8 a5 34. Qxb6 Qxb6 35. Bxb6 a4 36. Bd4 a3 37. Kf2 a2 38. Ke2 Bd6 39. f4 f5 40. exf5 gxf5 41. Kd3 Kf7 42. Kc2 Bc5 43. Bb2 Bf2 44. Kb3 Bxg3 45. Kxa2 Bxf4 46. Bd4 Bg3 47. Kb3 Bxh4 48. Kc4 Bf6 49. Be3 Kg6 50. Kd3 h4 51. Ke2 Bg5 52. Bf2 h3 53.
Kf3 Bf6 54. Kg3 Bh4+ 55. Kf3 Bxf2 56. Kxf2 Kg5 57. Kg3 h2 58. Kxh2 Kf4 59. Kg2 Ke3 60. Kf1 Kf3 61. Kg1 Ke2 62. Kh2 f4 0-1

[Event "Late-Titled-Tuesday-Blitz-May-14-2024"]
[Site "Chess.com"]
[Date "2024.05.14"]
[Round "3"]
[White "kingofthenil"]
[Black "DIMONBANAN"]
[Result "1/2-1/2"]
[WhiteElo "2860"]
[BlackElo "2624"]
[TimeControl "180+1"]
[EndTime "14:30:31 PDT"]
[Termination "Game drawn by repetition"]

1. d4 d5 2. c4 e6 3. Nc3 Be7 4.
cxd5 exd5 5. Bf4 c6 6. e3 Nf6 7. Bd3 Bg4 8. Nge2 Bh5 9. O-O Bg6 10. Ng3 Qd7 11. Be5 Na6 12. f4 Bxd3 13. Qxd3 Ng4 14. Bxg7 Rg8 15. Nf5 Nb4 16. Qb1 Nxe3 17. Nxe3 Rxg7 18.
Nf5 Rg6 19. Re1 Re6 20. Ng7+ Kd8 21. Nxe6+ fxe6 22. a3 Na6 23. Qxh7 Kc7 24. f5 Bf6 25. Qxd7+ Kxd7 26. fxe6+ Ke7 27. Rad1 Nc7 28. Ne2 Kxe6 29. Ng3+ Kd7 30. Nh5 Bg5 31. Re5 Rg8 32. Rf1 Ne6 33. Rf7+ Kd6 34. Nf6 Rd8 35. g3 Nxd4 36. Rxg5 Nf3+ 37.
Kg2 Nxg5 38. Rxb7 Rf8 39. Ng4 a5 40. h4 Ne4 41. h5 Rg8 42. Kh3 Ng5+ 43. Kg2 Ne4 44. Kh3 Ng5+ 45. Kh2 Nf3+ 46. Kg2 Ng5 47. Nh6 Rh8 48. Nf5+ Ke5 49. g4 Kf4 50. Nd6 Kxg4 51. Rg7 Rxh5 52. Nf7 Kf5 53. Nd8 Ne6 54. Rf7+ Kg6 55.
Rd7 Nxd8 56. Rxd8 Rh6 57. Kf3 Kf5 58. Ke3 Ke5 59. Re8+ Kd6 60. Ra8 Rh3+ 61. Kd2 Rh2+ 62. Kc3 Rh3+ 63. Kc2 d4 64. Rxa5 c5 65. Ra8 Kd5 66.
b3 Rh2+ 67. Kd3 Rh3+ 68. Kc2 Rh2+ 69. Kd3 Rh3+ 70. Kc2 1/2-1/2

[Event "Late-Titled-Tuesday-Blitz-May-14-2024"]
[Site "Chess.com"]
[Date "2024.05.14"]
[Round "3"]
[White "Siemba"]
[Black "lcmil"]
[Result "0-1"]
[WhiteElo "2489"]
[BlackElo "2684"]
[TimeControl "180+1"]
[EndTime "14:30:35 PDT"]
[Termination "lcmil won on time"]

1. e4 c5 2. Nf3 d6 3. d4 cxd4 4. Nxd4 Nf6 5. Nc3 g6 6. Be3 Bg7 7.
f3 O-O 8. Qd2 Nc6 9. O-O-O Bd7 10. g4 Rc8 11. h4 Ne5 12. h5 Qa5 13. Bh6 Bxh6 14. Qxh6 Rxc3 15. bxc3 Qxc3 16. Kb1 Nxf3 17. hxg6 Qb4+ 18. Nb3 fxg6 19. g5 Nh5 20. Rxh5 gxh5 21.
g6 hxg6 22. Qxg6+ Kh8 23. Qh6+ Kg8 24. Qg6+ Kh8 25. Qxh5+ Kg7 26. Be2 Qxe4 27. Bxf3 Rxf3 28. Rg1+ Kf6 29. Qh8+ Ke6 30. Nd4+ Kd5 31. Nxf3 Qxf3 32. Qg8+ Kc6 33. Qc4+ Kb6 34. Re1 e5 35. Qb4+ Kc7 36.
Qa5+ Kc6 37. Qxa7 Qc3 38. Qa4+ b5 39. Qe4+ Kb6 40. Qe3+ Qxe3 41. Rxe3 Kc5 42. Kb2 Bc6 43.
Kc3 e4 44. Re1 d5 45. Kd2 d4 46. c3 d3 47. Rb1 Kc4 48. Rb4+ Kc5 49. Ke3 Bd5 50. a3 Bc6 51. Rd4 Kb6 52. Kf4 Ka5 53. Ke5 Kb6 54. Kd6 Bb7 55. Ke5 Bc6 56. Rd6 Kc5 57.
Rd4 Bb7 58. Kf4 Bc6 59. Ke3 Kb6 60. Kd2 Ka5 61. Rb4 Bd5 62. Ke3 Bc4 63. Kd2 Kb6 64. Ke3 Kc5 65. a4 bxa4 66. Rxa4 Bb5 67. Rb4 Bc4 68. Ra4 Bd5 69. Ra8 Bxa8 0-1

[Event "Late-Titled-Tuesday-Blitz-May-14-2024"]
[Site "Chess.com"]
[Date "2024.05.14"]
[Round "3"]
[White "egnfanclub"]
[Black "BabageldiAnnaberdiyev"]
[Result "1-0"]
[WhiteElo "2370"]
[BlackElo "2576"]
[TimeControl "180+1"]
[EndTime "14:30:35 PDT"]
[Termination "egnfanclub won on time"]

1. e4 c5 2. Nc3 e6 3. f4 a6 4. Nf3 b5 5. d3 Bb7 6. g3 Nc6 7. Bg2 Qc7 8. O-O h5 9. f5 Be7 10. fxe6 dxe6 11. Bf4 Qb6 12. Qe2 Nf6 13. Ne5 Nd4 14. Qf2 Ng4 15. Nxg4 hxg4 16. Be3 f6 17. Bxd4 cxd4 18. Ne2 e5 19. c3 Rd8 20. cxd4 exd4 21.
Qf5 O-O 22. Nf4 Bc8 23. Qg6 Qc5 24. Nd5 Rxd5 25. exd5 Bd6 26. Rac1 Qb4 27. Be4 Qd2 28.
Qh7+ Kf7 29. Bg6+ Ke7 30. Rxc8 Rxc8 31. Qxg7+ Kd8 32. Bf5 Qe3+ 33. Kh1 Rc7 34. Qxf6+ Qe7 35. Qh8+ Qf8 36. Qh4+ Qe7 37. Qh8+ Qf8 38. Qxd4 Rc2 39. Qb6+ Bc7 40. Qxa6 Qd6 41. Qc8+ Ke7 42. Re1+ Kf7 43.
Qe8+ Kg7 44. Re7+ Kh6 45. Qh8+ Kg5 46. Qh4+ Kxf5 47. Qh5+ Kf6 48. Qf7+ Kg5 49. Qg7+ Kf5 50. Rf7+ Qf6 51. Rxf6+ Ke5 52. Qg5+ Kd4 53. Qxg4+ Kxd3 54. Qf5+ Kd2 55. Qf2+ Kd3 56. Qf1+ Ke4 57. Rf3 Bb6 58. Qd3+ Ke5 59. Qxc2 Kd6 60. Qd3 Bd4 61. Qxd4 b4 62. Rf6+ 1-0

[Event "Late-Titled-Tuesday-Blitz-May-14-2024"]
[Site "Chess.com"]
[Date "2024.05.14"]
[Round "3"]
[White "Anton_Demchenko"]
[Black "Nouali_Mohamed"]
[Result "1-0"]
[WhiteElo "2876"]
[BlackElo "2620"]
[TimeControl "180+1"]
[EndTime "14:30:36 PDT"]
[Termination "Anton_Demchenko won by resignation"]

1. e4 c5 2. Nc3 Nc6 3. Bb5 Nf6 4. Bxc6 dxc6 5. d3 b6 6. f4 c4 7. d4 e6 8. Nf3 c5 9. Be3 cxd4 10. Bxd4 Bb7 11.
Qe2 Qc7 12. Be5 Qc6 13. Nd4 Qc5 14. Ndb5 Rc8 15. O-O-O Nxe4 16. Nc7+ Rxc7 17. Nxe4 Bxe4 18. Bxc7 Bd5 19. Be5 Qa5 20. Bc3 Qxa2 21. Qe5 f6 22.
Qb8+ Kf7 23. Kd2 Qa4 24. Ra1 Qc6 25. Rxa7+ Kg6 26. f5+ exf5 27. Qg3+ Kh6 28. Qh3+ Kg6 29. Qg3+ Kh6 30. Re1 g5 31. Rc7 Qd6 32. Qxd6 Bxd6 33. Rd7 Bf4+ 34. Kd1 Bxg2 35. Re6 Bf3+ 36. Ke1 Bxh2 37.
Rxf6+ Kh5 38. Rff7 Kg4 39. Bxh8 Bg3+ 40. Kf1 h5 41.
Bf6 h4 42. Rd4+ Bf4 43. Rg7 Be4 44. Rxe4 fxe4 45. Bd4 e3 46. Ke2 h3 47. Bxe3 h2 48. Rh7 Bxe3 49. Kxe3 Kg3 50. Ke4 Kg2 51. Kf5 h1=Q 52.
Rxh1 Kxh1 53. Kxg5 Kg2 54. Kf4 Kf2 55. Ke4 Ke2 56.
Kd4 b5 57. Kc3 Ke3 58. b3 cxb3 59. cxb3 Ke4 60. Kb4 Kd4 61. Kxb5 Kd5 62. b4 Kd6 63.
Kb6 Kd7 64. Kb7 1-0

[Event "Late-Titled-Tuesday-Blitz-May-14-2024"]
[Site "Chess.com"]
[Date "2024.05.14"]
[Round "3"]
[White "ACollins05"]
[Black "Kiborg95"]
[Result "0-1"]
[WhiteElo "2541"]
[BlackElo "2898"]
[TimeControl "180+1"]
[EndTime "14:30:36 PDT"]
[Termination "Kiborg95 won by checkmate"]

1. b4 d6 2. Bb2 e5 3. e3 g6 4. Nf3 Bg7 5. Be2 Nh6 6. O-O O-O 7. d4 e4 8. Nfd2 f5 9. c4 g5 10. Nc3 Nc6 11. g4 Nxg4 12. Bxg4 fxg4 13. b5 Ne7 14.
Ndxe4 Ng6 15. f3 h5 16. fxg4 Bxg4 17. Qd3 Nh4 18. Rxf8+ Bxf8 19. Rf1 Bg7 20. Nd5 Nf3+ 21. Kg2 c6 22. Ndc3 Nh4+ 23. Kg1 Qe7 24. bxc6 bxc6 25.
Ba3 Rd8 26. Nxd6 Rxd6 27. Ne4 Bf5 28. Bxd6 Qxe4 29. Qxe4 Bxe4 30. Bg3 Nf5 31. Kf2 Kf7 32. Bb8 a6 33. Rd1 Ke6 34. Rd2 h4 35. Rb2 Nxd4 36. Rb6 Nf5 37. Rxa6 g4 38. a4 Bh6 39. Ra8 Bxe3+ 40.
Ke2 Bc5 41. a5 g3 42. hxg3 hxg3 43. Bxg3 Nxg3+ 44. Kd2 Kd6 45. a6 Kc7 46. Rg8 Nf5 47.
a7 Bxa7 48. Rf8 Kd6 49. Rh8 Bd4 50. Rh7 Kc5 51. Rc7 Kxc4 52. Rc8 c5 53. Ra8 Bc3+ 54. Kc1 Nd4 55. Ra4+ Kd3 56. Ra2 c4 57. Kd1 Bf3+ 58. Kc1 Bb4 59. Rc2 Nxc2 60. Kb1 Nd4 61. Kb2 c3+ 62.
Kc1 c2 63. Kb2 Ba3+ 64. Ka2 Bd5+ 65. Kxa3 c1=Q+ 66. Ka4 Qc4+ 67. Ka5 Qb5# 0-1

[Event "Late-Titled-Tuesday-Blitz-May-14-2024"]
[Site "Chess.com"]
[Date "2024.05.14"]
[Round "3"]
[White "Malev212"]
[Black "Atanejhad"]
[Result "0-1"]
[WhiteElo "2610"]
[BlackElo "2463"]
[TimeControl "180+1"]
[EndTime "14:30:36 PDT"]
[Termination "Atanejhad won on time"]

1. e4 e5 2. Nf3 Nc6 3. d4 exd4 4. Bc4 Nf6 5. e5 d5 6. Bb5 Ne4 7. Nxd4 Bd7 8. Bxc6 bxc6 9. O-O Bc5 10. f3 Ng5 11. f4 Ne4 12. Be3 Bb6 13. Nd2 Nxd2 14. Qxd2 O-O 15.
Rae1 Re8 16. c3 f6 17. Nf3 Bf5 18. exf6 Qxf6 19. Bd4 Qh6 20. b4 a5 21. Rxe8+ Rxe8 22.
Bxb6 cxb6 23. bxa5 bxa5 24. Qd4 Qd6 25. Ne5 Be4 26.
Rf2 Rb8 27. h3 Rb1+ 28. Kh2 c5 29. Qe3 h6 30. Rd2 Qb6 31. Nd7 Qg6 32. Nxc5 Ra1 33.
Nxe4 Qxe4 34. Qxe4 dxe4 35. Rc2 Rd1 36. Kg3 Kf7 37.
Kf2 Ke6 38. c4 Rd3 39. c5 Kd7 40. c6+ Kc7 41. Ke2 g5 42. f5 Rd5 43. f6 Rf5 44. Ke3 Rxf6 45. Kxe4 Rf1 46. Ke5 a4 47. Ke6 a3 48. Ke5 Rb1 49. g4 Rb2 50. Rc3 Rxa2 51. Kf6 Ra1 52. Kg6 a2 53. Rc2 Rh1 54. Rxa2 Rxh3 55.
Rc2 Rh4 56. Kf5 Rh1 57. Rc4 Rd1 58. Kg6 Rd6+ 59. Kg7 Re6 60. Ra4 Rxc6 61. Ra7+ Kb6 0-1

[Event "Late-Titled-Tuesday-Blitz-May-14-2024"]
[Site "Chess.com"]
[Date "2024.05.14"]
[Round "3"]
[White "FairChess_on_YouTube"]
[Black "MarcoRiehle"]
[Result "0-1"]
[WhiteElo "3068"]
[BlackElo "2804"]
[TimeControl "180+1"]
[EndTime "14:30:37 PDT"]
[Termination "MarcoRiehle won on time"]

1. Nf3 c5 2. g3 Nc6 3. Bg2 e5 4.
O-O d5 5. d3 Nge7 6. c4 f6 7. Nc3 Be6 8. Qa4 Qd7 9. e4 dxc4 10.
dxc4 Nd4 11. Qxd7+ Kxd7 12. Nd5 b5 13. cxb5 Nxb5 14.
Be3 Nd4 15. Rfd1 Bxd5 16. exd5 Nef5 17. d6 Rb8 18. Bh3 Nxf3+ 19. Kg2 Nd4 20. Bxd4 cxd4 21. Bxf5+ Kxd6 22. Rac1 Be7 23. Rc4 g6 24. Bh3 f5 25.
Rdc1 Ke6 26. b3 Rhd8 27. g4 Rb6 28. gxf5+ gxf5 29. Rc7 Bg5 30. Re1 d3 31. Kf3 Rd4 32. Rxh7 e4+ 33. Kg2 Rc6 34. Kf1 Rc2 35. Rxa7 Rd5 36.
Rxe4+ Kd6 37. Ra6+ Kc7 38. Ra7+ Kb6 39. Rea4 d2 40. R4a6+ Kc5 41. Ra5+ Kd4 42. Rxd5+ Kxd5 43. Ke2 Rc1 44. Rd7+ Kc6 45. Rxd2 Bxd2 46. Kxd2 Ra1 47. a4 Ra2+ 48. Ke3 f4+ 49. Kf3 Kd6 50. Bf1 Ke5 51.
Bc4 Rc2 52. a5 Rc3+ 53. Kg4 Rc2 54. Kf3 Rc3+ 55. Kg2 f3+ 56. Kg3 Ke4 57. a6 Rc1 58. Bb5 Rg1+ 59. Kh3 Kf4 60. Kh4 Rg4+ 61. Kh5 Rg5+ 62.
Kh6 Rxb5 63. h4 Rb6+ 64. Kg7 Rxa6 65. h5 Kg5 0-1

[Event "Late-Titled-Tuesday-Blitz-May-14-2024"]
[Site "Chess.com"]
[Date "2024.05.14"]
[Round "3"]
[White "varunkrishnanchess"]
[Black "Seochesspie"]
[Result "0-1"]
[WhiteElo "2605"]
[BlackElo "2840"]
[TimeControl "180+1"]
[EndTime "14:30:37 PDT"]
[Termination "Seochesspie won by checkmate"]

1. a3 g6 2. d4 Bg7 3. e4 d6 4. Nf3 Nf6 5. Nc3 O-O 6. Be2 Nc6 7.
O-O a6 8. h3 b5 9. Be3 Bb7 10.
d5 Nb8 11. Qd2 c6 12. Rad1 Nbd7 13. Bf4 cxd5 14. exd5 Nb6 15. Bh6 Nbxd5 16. Bxg7 Kxg7 17.
Nxd5 Bxd5 18. Nd4 Rc8 19. Qg5 Bb7 20. Rfe1 e6 21. Bd3 Nd5 22. Qg3 Kh8 23. h4 e5 24. Nf3 Nf4 25. Be4 Bxe4 26. Rxe4 Rxc2 27. Rxf4 exf4 28. Qxf4 Qe7 29. Rxd6 Qe2 30. Nd4 Qe1+ 31. Kh2 Rxf2 32. Nf3 Qe2 33. Rd8 Rxg2+ 34. Kh3 Qe6+ 35. Kxg2 Rxd8 36. Ng5 Qe2+ 37. Kg3 Rd3+ 38. Nf3 Rxf3+ 39. Qxf3 Qxf3+ 40. Kxf3 f5 41. Ke3 Kg7 42. Kd4 Kf6 43.
Kc5 f4 44. Kd4 Kf5 45. Kd3 Kg4 46. Ke2 Kxh4 47. Kf3 g5 48. b4 h5 49. a4 bxa4 50.
b5 axb5 51. Kf2 b4 52. Kf3 a3 53. Kg2 g4 54. Kh2 Kg5 55. Kg2 b3 56. Kh2 h4 57.
Kg2 Kf6 58. Kf2 Ke6 59. Ke2 h3 60. Kd3 Kd7 61. Kc4 b2 62. Kd4 b1=Q 63. Ke5 a2 64. Kf6 a1=Q+ 65. Kg5 g3 66. Kh6 Kd6 67. Kg5 Ke5 68. Kg4 h2 69. Kf3 Qe4+ 70. Kg4 f3+ 71. Kg5 Qc1+ 72. Kh5 Qf5+ 73. Kh4 Qcg5# 0-1

[Event "Late-Titled-Tuesday-Blitz-May-14-2024"]
[Site "Chess.com"]
[Date "2024.05.14"]
[Round "3"]
[White "Mackster23"]
[Black "MeisterJabo"]
[Result "0-1"]
[WhiteElo "2642"]
[BlackElo "2488"]
[TimeControl "180+1"]
[EndTime "14:30:37 PDT"]
[Termination "MeisterJabo won by resignation"]

1. e4 e5 2. Nf3 Nf6 3. d4 Nxe4 4. Bd3 Nc6 5. d5 Nf6 6. dxc6 e4 7. cxd7+ Bxd7 8.
Bc4 exf3 9. Qxf3 Bc6 10. Qe2+ Be7 11. O-O O-O 12. Nc3 Re8 13. Qd3 Qxd3 14. Bxd3 Rad8 15. h3 a6 16. Bf4 Bd6 17. Bg5 Be5 18. Rad1 h6 19. Be3 Bxc3 20. bxc3 Bb5 21. c4 Bc6 22. Bf4 Rd7 23. Rfe1 Rde7 24. Rxe7 Rxe7 25. f3 g5 26.
Bd2 Nh5 27. Kf2 Nf4 28. Bxf4 gxf4 29. Re1 Rxe1 30. Kxe1 b6 31. Ke2 Bb7 32. Be4 Bc8 33.
Kd3 c5 34. Bd5 Bf5+ 35. Be4 Be6 36. Bb7 Bf5+ 37. Kc3 a5 38. Be4 Bd7 39. Kd3 Kg7 40.
c3 Kf6 41. Bd5 Bf5+ 42. Be4 Be6 43. Bd5 Ke5 44. Bxe6 fxe6 45. Kd2 Kf5 46. Kc2 Kg5 47. Kd3 Kh4 48. Ke2 Kg3 49. Kf1 e5 50. Kg1 Kh4 51. Kf2 Kg5 52. g3 fxg3+ 53. Kxg3 h5 54. a3 a4 55. Kg2 Kf4 56. Kf2 e4 57. fxe4 Kxe4 58. Kg3 Kd3 59. Kh4 Kxc4 60. Kxh5 Kb3 61. Kg6 Kxa3 62. h4 Kb3 63. h5 a3 64. h6 a2 65. h7 a1=Q 66. h8=Q Qxc3 67. Qb8 Qb4 68. Kf5 c4 69. Ke4 c3+ 70. Kd3 Qc4+ 71. Ke3 b5 72. Qh8 c2 73. Qa1 c1=Q+ 74. Qxc1 Qxc1+ 0-1

[Event "Late-Titled-Tuesday-Blitz-May-14-2024"]
[Site "Chess.com"]
[Date "2024.05.14"]
[Round "3"]
[White "TheKnightOfBosnia"]
[Black "tgpgoat"]
[Result "0-1"]
[WhiteElo "2622"]
[BlackElo "2464"]
[TimeControl "180+1"]
[EndTime "14:30:38 PDT"]
[Termination "tgpgoat won by resignation"]

1. e4 c5 2. Nf3 e6 3. d4 cxd4 4. Nxd4 Nc6 5. Nc3 Qc7 6. a3 a6 7. Be2 Nf6 8. f4 b5 9. Nxc6 Qxc6 10. e5 Nd5 11. Nxd5 exd5 12. Be3 Bc5 13. Bd4 Bxd4 14.
Qxd4 Qxc2 15. Kf2 O-O 16. Rac1 Qg6 17. Rc7 Rb8 18. Bd3 Qg4 19. Rhc1 Bb7 20. h3 Qh4+ 21.
Kg1 Bc6 22. Ra7 g5 23. e6 fxe6 24. Rxc6 Rxf4 25. Qe5 Qf2+ 26. Kh2 Qxa7 27. Qxg5+ Kh8 28. Qe5+ Kg8 29. Bxh7+ Kxh7 30. Rc7 Qf2 31. Rxd7+ Rf7 32. Rxf7+ Qxf7 33. Qxb8 Qf5 34. Qb7+ Kg6 35. Qxa6 d4 36. Qd6 d3 37. Kg1 Qe4 38. Qg3+ Kf5 39. Qf2+ Ke5 40. Qd2 Kd4 41. Kf2 Qf5+ 42. Ke1 Qe4+ 43.
Kd1 e5 44. Qc3+ Kd5 45. Qd2 Kd4 46. b3 Qg6 47. Qf2+ Kd5 48. Kd2 e4 49. g4 Qg5+ 50. Qe3 Qe5 51. b4 Qb2+ 52. Ke1 Qb1+ 53. Kf2 Qc2+ 54.
Kg3 d2 55. Qg5+ Kd4 56. Qf6+ Ke3 57. Qf2+ Kd3 58. Qf1+ Kc3 59. Qf6+ Kb3 60. Qe6+ Qc4 61. Qd6 Qd3+ 62. Qxd3+ exd3 63. Kh4 d1=Q 64. Kh5 Qg1 65. h4 d2 66. Kg5 d1=Q 67. h5 Qd5+ 68. Kh6 Qe4 69.
g5 Qeg4 70. g6 Qg5+ 71. Kg7 Qxh5 72. Kf7 Qhxg6+ 0-1

[Event "Late-Titled-Tuesday-Blitz-May-14-2024"]
[Site "Chess.com"]
[Date "2024.05.14"]
[Round "3"]
[White "Evgeny81"]
[Black "Jospem"]
[Result "0-1"]
[WhiteElo "2768"]
[BlackElo "3023"]
[TimeControl "180+1"]
[EndTime "14:30:39 PDT"]
[Termination "Jospem won on time"]

1. Nf3 Nf6 2. c4 e6 3. g3 d5 4. Bg2 Be7 5. O-O O-O 6. d4 Nbd7 7. Qc2 c6 8. Bg5 h6 9. Bxf6 Nxf6 10. Nbd2 b5 11.
c5 Qc7 12. b4 a5 13. a3 Rd8 14. Nb3 axb4 15. axb4 Bd7 16. Qb2 Be8 17. Rxa8 Rxa8 18. Ra1 Qc8 19. Ne5 Nd7 20. Nd3 Bd8 21. Rxa8 Qxa8 22. Qa1 Qb7 23. e4 dxe4 24. Bxe4 Nf6 25. Bg2 Nd5 26. Qe1 Kf8 27. Qa1 f6 28. h4 Bg6 29.
Bxd5 exd5 30. Nf4 Bf5 31. Qe1 Kf7 32. Qe2 g5 33. hxg5 hxg5 34. Qh5+ Kg7 35. g4 Bc8 36. Qg6+ Kf8 37. Nh5 Qf7 38. Qh6+ Ke7 39. f3 Bc7 40. Qh8 Bd7 41. Na5 f5 42. Qh6 fxg4 43.
Qxg5+ Kf8 44. Qh6+ Ke7 45. Qg5+ Kf8 46. fxg4 Qf3 47.
Qh6+ Ke7 48. Qg5+ Kf8 49. Qf6+ Qxf6 50. Nxf6 Ke7 51. Nxd7 Kxd7 52. Kf2 Bd8 53. Nb3 Ke6 54. Kf3 Kf6 55. Nc1 Ke6 56. Nd3 Bf6 57. Nf4+ Kf7 58.
Ne2 Bg5 59. Kg3 Bd2 60. Kf3 Bxb4 61. Kf4 Bd2+ 62. Ke5 Ke7 63. g5 Bxg5 64. Nc3 Bf6+ 65. Kf5 Bxd4 66. Na2 Bxc5 0-1

[Event "Late-Titled-Tuesday-Blitz-May-14-2024"]
[Site "Chess.com"]
[Date "2024.05.14"]
[Round "3"]
[White "Sokoloco"]
[Black "vpsetter"]
[Result "0-1"]
[WhiteElo "2734"]
[BlackElo "2528"]
[TimeControl "180+1"]
[EndTime "14:30:40 PDT"]
[Termination "vpsetter won by resignation"]

1. b3 Nc6 2. Bb2 e5 3. e3 Nf6 4.
Nf3 d6 5. d4 exd4 6. Nxd4 Bd7 7. c4 d5 8. Nc3 dxc4 9. Bxc4 Bc5 10. O-O O-O 11. Nf3 Bg4 12. Qxd8 Raxd8 13. Nb5 Bxf3 14. gxf3 Ne8 15. Rad1 Rxd1 16. Rxd1 a6 17. Nc3 Nd6 18. Be2 Rd8 19. Nd5 Ne8 20. Kf1 Kf8 21. a3 Ne7 22. Nxe7 Rxd1+ 23. Bxd1 Bxe7 24. f4 Bf6 25. Bc1 a5 26. Bf3 b6 27. Ke2 Ke7 28. Kd3 Kd7 29.
a4 Be7 30. Bg4+ Kc6 31. Bf3+ Kd7 32. Bd5 Nd6 33. Ba3 c6 34. Bg2 b5 35. Bb2 Bf6 36. Bh3+ Ke7 37. Be5 Bxe5 38. fxe5 Nb7 39. Bg2 Nc5+ 40. Kc2 bxa4 41. bxa4 Nxa4 42. Bxc6 Nc5 43.
Kc3 Ke6 44. f4 g6 45. Kc4 Nd7 46. Bxd7+ Kxd7 47. Kb5 Ke6 48. Kxa5 Kd5 49. Kb6 Ke4 50. Kc6 Kxe3 51. Kd6 Kxf4 52. Ke7 Kxe5 53. Kxf7 Kf5 54.
Kg7 h5 55. Kh6 h4 56. h3 Kf6 57. Kh7 Kg5 58. Kg7 Kf5 59. Kh6 Kf6 60. Kh7 g5 61.
Kh6 Kf5 62. Kh5 Kf4 63. Kg6 g4 0-1

[Event "Late-Titled-Tuesday-Blitz-May-14-2024"]
[Site "Chess.com"]
[Date "2024.05.14"]
[Round "3"]
[White "IamSchrodingersCat"]
[Black "Chessdemon2019"]
[Result "1/2-1/2"]
[WhiteElo "2645"]
[BlackElo "2468"]
[TimeControl "180+1"]
[EndTime "14:30:40 PDT"]
[Termination "Game drawn by stalemate"]

1. e4 c5 2. Nf3 d6 3. d4 cxd4 4. Nxd4 Nf6 5. Nc3 a6 6. Be2 e6 7.
Be3 Be7 8. g4 h6 9. Bf3 Qc7 10.
Qd2 Nbd7 11. O-O-O Ne5 12. Be2 Nc4 13. Bxc4 Qxc4 14.
f3 b5 15. Kb1 Bd7 16. h4 Rc8 17. g5 Nh5 18. Rhg1 hxg5 19. hxg5 g6 20. f4 b4 21.
Nce2 Bc6 22. Nxc6 Rxc6 23. Nd4 Rc8 24. Qd3 Qxd3 25. cxd3 e5 26. fxe5 dxe5 27. Nf3 Bd6 28. Rc1 O-O 29. Rxc8 Rxc8 30. Rc1 Rxc1+ 31. Kxc1 f5 32.
Kc2 Kf7 33. Kb3 Ke6 34. Kc4 Ng3 35. Nd2 Ne2 36. Nb3 f4 37. Bf2 f3 38. d4 exd4 39. Nxd4+ Nxd4 40. Kxd4 Be5+ 41. Ke3 Bxb2 42. Kxf3 a5 43.
Be1 Ba3 44. Ke3 a4 45. Bd2 Ke5 46. Kd3 b3 47. axb3 axb3 48. Kc3 b2 49. Kc2 Kxe4 50. Bc3 Kf5 51. Bf6 Kg4 52. Bd8 Kf5 53. Bf6 Kg4 54.
Bd8 Kh5 55. Kb1 Bc5 56. Kxb2 Be3 57. Kc2 Bxg5 58. Bc7 Kg4 59. Kd3 Bf4 60. Bd8 Bg5 61.
Bc7 Kf5 62. Ke2 Bf4 63. Bb6 g5 64. Kf3 g4+ 65. Kg2 Ke4 66. Bf2 Kf5 67. Bh4 Ke4 68. Be1 Be5 69. Bh4 Ke3 70. Be1 Ke2 71. Bb4 Bf4 72. Bc5 g3 73. Bb6 Be5 74. Ba7 Bf4 75. Bg1 Bd6 76. Bh2 gxh2 77. Kh1 Kf3 1/2-1/2

[Event "Late-Titled-Tuesday-Blitz-May-14-2024"]
[Site "Chess.com"]
[Date "2024.05.14"]
[Round "3"]
[White "ATM622"]
[Black "Ramil_Faizrakhmanov"]
[Result "1/2-1/2"]
[WhiteElo "2544"]
[BlackElo "2861"]
[TimeControl "180+1"]
[EndTime "14:30:42 PDT"]
[Termination "Game drawn - insufficient material"]

1. d4 Nf6 2. c4 g6 3. g3 Bg7 4. Bg2 O-O 5. Nf3 d6 6. O-O Nbd7 7. Qc2 c6 8. Rd1 Re8 9. e4 e5 10. Nc3 exd4 11. Nxd4 Nc5 12. b4 Ne6 13. Nxe6 Bxe6 14. Bf4 Bxc4 15. Rxd6 Qe7 16. Rad1 Be6 17. b5 cxb5 18. Nxb5 Rac8 19. Qa4 a6 20. Rxe6 Qxe6 21. Nd6 Nh5 22. Nxe8 Qxe8 23. Qxe8+ Rxe8 24. Be3 Nf6 25. f3 Rc8 26. Rc1 Rd8 27. Bf1 h5 28. Bg5 Rd7 29. Kf2 Nh7 30. Rc8+ Nf8 31. Bh3 Rd3 32. Rb8 b5 33.
Be7 Rd2+ 34. Ke3 Rxh2 35. Bd7 Rxa2 36. Ra8 Rb2 37. e5 Rb3+ 38. Ke2 Rb2+ 39. Ke3 Bh6+ 40.
f4 Rb3+ 41. Kf2 Rd3 42. e6 fxe6 43. Bxe6+ Kh7 44. Bxf8 Bxf8 45. Rxf8 Rd6 46. f5 gxf5 47. Bxf5+ Kg7 48. Rc8 Rf6 49. Rc5 Rb6 50. Ke3 b4 51.
Bb1 Kh6 52. Ra5 b3 53. Kd4 b2 54. Kc5 Rb5+ 55. Rxb5 axb5 56. Kxb5 Kg5 57. Kb4 Kg4 58. Kb3 Kxg3 59. Kxb2 Kf4 60. Ba2 Ke5 61. Bc4 h4 62. Ba6 h3 63. Bb7 h2 64. Kc2 Kf4 65. Kd2 Kg3 66.
Ke2 h1=Q 67. Bxh1 1/2-1/2

[Event "Late-Titled-Tuesday-Blitz-May-14-2024"]
[Site "Chess.com"]
[Date "2024.05.14"]
[Round "3"]
[White "Russian_berezka"]
[Black "penguingm1"]
[Result "0-1"]
[WhiteElo "2598"]
[BlackElo "2852"]
[TimeControl "180+1"]
[EndTime "14:30:45 PDT"]
[Termination "penguingm1 won by checkmate"]

1. d4 d5 2. Bf4 Nf6 3. e3 e6 4.
Nd2 Bd6 5. Bg3 O-O 6. Bd3 c5 7. c3 Qc7 8. f4 b6 9. Qe2 a5 10. Ngf3 Ba6 11. Ne5 Bxd3 12. Qxd3 Nc6 13. Bh4 Nd7 14.
O-O f6 15. Nxc6 Qxc6 16. e4 Rae8 17. e5 Bc7 18. Nf3 f5 19. c4 dxc4 20. Qxc4 b5 21. Qc2 c4 22. a4 Nb6 23. b3 Rc8 24. axb5 Qxb5 25. bxc4 Nxc4 26. Rfb1 Qd5 27. Be7 Rfe8 28.
Bc5 Bb6 29. Bxb6 Nxb6 30. Qd3 Nc4 31. h3 Rc7 32. Rb3 h6 33. Rab1 Qe4 34. Rc1 Rec8 35. d5 exd5 36. Nd4 a4 37. Rbc3 Qxf4 38. Ne6 Qxe5 39. Nxc7 Rxc7 40. Rd1 Rc5 41. Qd4 Qxd4+ 42. Rxd4 a3 43. Rd2 Kf7 44. Ra2 Rb5 45. Kf2 Kf6 46.
Ke2 Ke5 47. Kd3 g5 48. Re2+ Kd6 49. Ra2 Rb4 50. Kc2 h5 51. Rb3 Ra4 52. Kc3 Kc5 53. Rb8 d4+ 54. Kd3 Ne5+ 55. Kc2 d3+ 56. Kc3 Kd5 57.
Rd8+ Ke4 58. Rh8 h4 59. Rg8 g4 60. hxg4 fxg4 61. Rh8 Rc4+ 62. Kd2 Rb4 63. Rxh4 Rb2+ 64. Rxb2 axb2 65. Rh1 Kd4 66. Rb1 Nc4+ 67. Kd1 Kc3 68.
g3 Ne3+ 69. Ke1 d2+ 70. Kf2 d1=Q 71. Rxb2 Qf3+ 72. Ke1 Qf1# 0-1